AoeStats
← NInJA

Migration

508502772Analyzed
1v1 RM · 11d ago on Sep 22, 2026· 37m 10s· 2 players
Game mode
Random Map
Map size
132×132
Population
200
Speed
Normal
Resources
Standard
Victory
Conquest
Starting age
Dark Age
Ending age
Imperial Age
RankedLock teamsTeams togetherTeam positionsShared explorationLock speedFull tech treeHidden civsTurbo modeCheats
Victory
Defeat
🇵🇹 Random · Portugal
1110
+17
🇩🇪 Cumans · Germany
1133
-17
TheBitcoinDentist
12:19 Feudal Age
10:41 Loom
14:47 Double-Bit Axe
17:12 Castle Age
15:10 Fletching
15:33 Gold Mining
19:37 Stone Mining
20:08 Bow Saw
30:35 Stone Shaft Mining
NInJA
8:10 Loom
10:14 Feudal Age
17:39 Double-Bit Axe
22:28 Castle Age
20:18 Horse Collar
21:55 Fletching
23:04 Stone Mining
23:04 Gold Mining
24:31 Scale Mail Armor
25:06 Bodkin Arrow
28:51 Padded Archer Armor
29:44 Capped Ram
Connection lost

Rejoining the realm…

Still unreachable

The connection could not be restored.

Session expired

The server has moved on; the page needs a fresh start.